 Dungeon Crawl Stone Soup version 0.26.0-16-gc1dbca0489 (webtiles) character file.

Game seed: 17703186506737441192

114 vvl the Poker (level 4, -4/34 HPs)
             Began as a Merfolk Gladiator on Jan 18, 2021.
             Slain by Natasha (6 damage)
             ... on level 2 of the Dungeon.
             The game lasted 00:03:21 (1771 turns).

vvl the Poker (Merfolk Gladiator)                   Turns: 1771, Time: 00:03:22

Health: -4/34      AC:  4    Str: 15    XL:     4   Next: 98%
Magic:  4/4        EV: 14    Int:  7    God:
Gold:   129        SH:  0    Dex: 15    Spells: 3/3 levels left

rFire    . . .     SeeInvis .   a - +0 trident
rCold    . . .     Faith    .   (no shield)
rNeg     . . .     Spirit   .   b - +0 leather armour
rPois    .         Reflect  .   c - +0 helmet
rElec    .         Harm     .   (no cloak)
rCorr    .         Rampage  .   (no gloves)
Will     .....                  (no boots)
Stlth    +.........             (no amulet)
HPRegen  0.11/turn              g - ring of flight
MPRegen  0.09/turn              (no ring)

@: no status effects
A: change form in water, swift swim, stealthy swim
a: Evoke Flight


You were on level 2 of the Dungeon.
You visited 1 branch of the dungeon, and saw 2 of its levels.

You collected 129 gold pieces.

Inventory:

Hand Weapons
 a - a +0 trident (weapon)
Missiles
 d - a throwing net (quivered)
Armour
 b - a +0 leather armour (worn)
 c - a +0 helmet (worn)
Jewellery
 g - a ring of flight (left hand)
Scrolls
 e - 3 scrolls of identify {unknown}
 f - 2 scrolls of amnesia {unknown}
 i - a scroll of enchant weapon {unknown}
 p - a scroll of random uselessness {unknown}
 r - 2 scrolls of teleportation {unknown}
 s - a scroll of blinking {unknown}
 t - a scroll of fog {unknown}
Potions
 h - a potion of attraction {unknown}
 j - a potion of berserk rage {unknown}
 k - a potion of haste
 l - a potion of curing {unknown}
 m - 2 potions of invisibility {unknown}
 n - a potion of flight {unknown}
 o - a potion of ambrosia {unknown}
 q - a potion of heal wounds {unknown}
 u - a potion of mutation {unknown}
 v - 2 potions of cancellation {unknown}


   Skills:
 + Level 2.9 Fighting
 * Level 5.8 Polearms
 + Level 2.6 Throwing
 + Level 4.6 Dodging
 + Level 1.1 Invocations
 + Level 1.1 Evocations


You had 3 spell levels left.
You didn't know any spells.
Your spell library was empty.

Dungeon Overview and Level Annotations

Branches:
Dungeon (2/15)

Altars:

Annotations:
D:2 Natasha


Message History

You are too injured to fight recklessly!
You are too injured to fight recklessly!
You hit Natasha but do no damage.
Natasha is lightly wounded.
Natasha closely misses you. The iron imp barely misses you.
You hit Natasha.
Natasha is heavily wounded.
Natasha barely misses you. Natasha casts a spell at you.
The magic dart hits you!
* * * LOW HITPOINT WARNING * * *
You barely miss Natasha.
Natasha is heavily wounded.
Natasha completely misses you. The iron imp misses you.
You hit Natasha.
Natasha is almost dead.
Natasha claws you.
* * * LOW HITPOINT WARNING * * *
The iron imp misses you. Natasha claws you.
You die...

#.#..#.## #.##.
#.#...#.# ###.##.
##.#.....# .......
...#..##.# ###.###
##.#...### #.###
##.#...#.# #.##.
##.#.....# #.##.
##.#.#.###
#.################.##.
##.#...##
#...h@$...............
##.#..#.#
####5...#############.
##.#.#.##
#....##............
...#.#..##
#....##.##########.
##.#..#..#
#....##.####### #.
##.#.#####
#....##.#.....# #.
##...# #######'###.#.#
#. ##..## #......#.#
#. ##.(########
#......#.# #.


You could see an iron imp (summoned) and Natasha (fast).

Vanquished Creatures
  Terence (D:2)
  4 adders (D:2)
  4 dart slugs
  A leopard gecko (D:2)
  2 giant cockroaches (D:1)
  4 goblins
  6 hobgoblins (D:1)
  4 jackals (D:2)
  4 bats
  3 frilled lizards
  9 kobolds
  4 rats (D:1)
46 creatures vanquished.

Notes
Turn   | Place    | Note
-------+----------+-------------------------------------------
     0 | D:1      | vvl the Merfolk Gladiator began the quest for the Orb.
     0 | D:1      | Reached XP level 1. HP: 16/16 MP: 1/1
   102 | D:1      | Reached XP level 2. HP: 23/23 MP: 2/2
   178 | D:1      | Reached skill level 5 in Polearms
   222 | D:1      | Reached XP level 3. HP: 23/28 MP: 3/3
   978 | D:2      | Reached XP level 4. HP: 31/34 MP: 4/4
  1362 | D:2      | Reached skill level 1 in Evocations
  1491 | D:2      | Noticed Terence
  1511 | D:2      | Killed Terence
  1512 | D:2      | Reached skill level 1 in Invocations
  1755 | D:2      | Noticed Natasha
  1771 | D:2      | Slain by Natasha

Illustrated notes

Levels and vault maps discovered:
D:1:      lightli_arrival_farm, layout_basic, st_stairs_3
D:2:      layout_basic, minmay_misc_feat_rugged, uniq_terence, uniq_natasha

Skill      XL: |  1  2  3  4 |
---------------+-------------+-----
Polearms       | 5 |  5.8
Evocations     | 1 |  1.1
Invocations    | 1 |  1.1
Fighting       | |  2.9
Throwing       | |  2.6
Dodging        | |  4.6

Action                   |  1- 3 |  4- 6 || total
-------------------------+-------+-------++-------
Melee: Trident           |   115 |    61 ||   176
Throw: Throwing net      |       |     2 ||     2
 Stab: Sleeping          |     1 |     3 ||     4
Armor: Leather armour    |    26 |     4 ||    30
Dodge: Dodged            |    91 |    40 ||   131
